ITL
AMARILLO ARCHDUKES @ BLUEVILLE 83'S
07/07/2028
 
TOP OF THE 1ST
Amarillo Archdukes batting - Pitching for Blueville 83's : RHP Gary Grimes
Pitching: RHP Gary Grimes
Batting: SHB Álex Hernández 0-0: Called Strike
0-1: SINGLE (Line Drive, 9LS)
Batting: RHB Michael Thomas 0-0: Ball
1-0: Ball
2-0: SINGLE (Flyball, 89S)
Álex Hernández to second
Runner from 2nd tries for 3rd, SAFE, throw made to third
Michael Thomas to second
Batting: LHB John Frost 0-0: Ball
1-0: Ball
2-0: Foul Ball, location: 2F
2-1: Ground out 1-3 (Groundball, 13)
Batting: LHB Howard Lambert 0-0: Foul Ball, location: 2F
0-1: Ball
1-1: Ball
2-1: Called Strike
2-2: Ball
3-2: 3-RUN HOME RUN (Flyball, 9LD), Distance : 349 ft
Batting: RHB Esteban Lara 0-0: Called Strike
0-1: Called Strike
0-2: Fly out, F3 (Popup, 34S)
Batting: SHB Jeff Chambers 0-0: Called Strike
0-1: Ball
1-1: Foul Ball, location: 2F
1-2: Ball
2-2: Foul Ball, location: 2F
2-2: Ball
3-2: Strikes out looking
Top of the 1st over - 3 run(s), 3 hit(s), 0 error(s), 0 left on base; Amarillo 3 - Blueville 0
BOTTOM OF THE 1ST
Blueville 83's batting - Pitching for Amarillo Archdukes : RHP Ron Martin
Pitching: RHP Ron Martin
Batting: SHB Bob Noble 0-0: Ball
1-0: Ball
2-0: Foul Ball, location: 2F
2-1: Ground out U3 (Groundball, 34)
Batting: LHB Javier Espinoza 0-0: Foul Ball, location: 2F
0-1: Ground out 6-3 (Groundball, 6M)
Batting: RHB Tae-kwon Kwon 0-0: Fly out, F9 (Flyball, 9LS)
Bottom of the 1st over - 0 run(s), 0 hit(s), 0 error(s), 0 left on base; Amarillo 3 - Blueville 0
TOP OF THE 2ND
Amarillo Archdukes batting - Pitching for Blueville 83's : RHP Gary Grimes
Batting: RHB Tony Quinn 0-0: Foul Ball, location: 2F
0-1: Foul Ball, location: 2F
0-2: Ball
1-2: Strikes out swinging
Batting: LHB José Martínez 0-0: Called Strike
0-1: Ball
1-1: Ball
2-1: Ball
3-1: Base on Balls
Batting: RHB Herb Bunch 0-0: Fly out, F7 (Flyball, 7)
Batting: SHB Álex Hernández 0-0: Foul Ball, location: 2F
0-1: Foul Ball, location: 2F
0-2: Fielders Choice at 2nd, 4-6 (Groundball, 4)
Top of the 2nd over - 0 run(s), 0 hit(s), 0 error(s), 0 left on base; Amarillo 3 - Blueville 0
BOTTOM OF THE 2ND
Blueville 83's batting - Pitching for Amarillo Archdukes : RHP Ron Martin
Batting: LHB António Glaviz 0-0: Fly out, F2 (Popup, 3S)
Batting: RHB Matt Perkins 0-0: Foul Ball, location: 2F
0-1: Ball
1-1: Ball
2-1: Ball
3-1: Base on Balls
Batting: RHB Jimmy Simon 0-0: Ball
1-0: Grounds into double play, 4-6-3 (Groundball, 4)
Bottom of the 2nd over - 0 run(s), 0 hit(s), 0 error(s), 0 left on base; Amarillo 3 - Blueville 0
TOP OF THE 3RD
Amarillo Archdukes batting - Pitching for Blueville 83's : RHP Gary Grimes
Batting: RHB Michael Thomas 0-0: Swinging Strike
0-1: Swinging Strike
0-2: Ball
1-2: Ball
2-2: Strikes out looking
Batting: LHB John Frost 0-0: Ball
1-0: Ball
2-0: Ball
3-0: Called Strike
3-1: Foul Ball, location: 2F
3-2: Foul Ball, location: 2F
3-2: SINGLE (Line Drive, 8LS)
Batting: LHB Howard Lambert 0-0: TRIPLE (Flyball, 8RXD)
John Frost scores
Batting: RHB Esteban Lara 0-0: Ball
1-0: Ball
2-0: Called Strike
2-1: SINGLE (Line Drive, 8LS)
Howard Lambert scores
Batting: SHB Jeff Chambers Pickoff Throw to First - Error! E1
Esteban Lara to second
0-0: Called Strike
0-1: Ball
1-1: DOUBLE (Groundball, 3L)
Esteban Lara scores
Pitching: RHP Santiago González
Batting: RHB Tony Quinn 0-0: Called Strike
0-1: Called Strike
0-2: Strikes out swinging
Batting: LHB José Martínez 0-0: Ball
1-0: Ball
2-0: Called Strike
2-1: Swinging Strike
2-2: Foul Ball, location: 2F
2-2: Ball
3-2: Base on Balls
Batting: RHB Herb Bunch 0-0: Called Strike
0-1: Ball
1-1: Foul Ball, location: 2F
1-2: Fielders Choice at 2nd, 4-6 (Groundball, 4)
Top of the 3rd over - 3 run(s), 4 hit(s), 1 error(s), 1 left on base; Amarillo 6 - Blueville 0
BOTTOM OF THE 3RD
Blueville 83's batting - Pitching for Amarillo Archdukes : RHP Ron Martin
Batting: LHB Vincente Sáenz 0-0: Foul Ball, location: 2F
0-1: Fly out, F7 (Flyball, 7S)
Batting: RHB Yoshihide Takahashi 0-0: Foul Ball, location: 2F
0-1: Called Strike
0-2: Strikes out swinging
Batting: RHB Felipe Rivera 0-0: Ball
1-0: SINGLE (Groundball, 56D)
Batting: SHB Bob Noble 0-0: Ground out 4-3 (Groundball, 34)
Bottom of the 3rd over - 0 run(s), 1 hit(s), 0 error(s), 1 left on base; Amarillo 6 - Blueville 0
TOP OF THE 4TH
Amarillo Archdukes batting - Pitching for Blueville 83's : RHP Santiago González
Batting: SHB Álex Hernández 0-0: Swinging Strike
0-1: Ball
1-1: Foul Ball, location: 2F
1-2: Strikes out swinging
Batting: RHB Michael Thomas 0-0: Called Strike
0-1: Fly out, F8 (Flyball, 8LM)
Batting: LHB John Frost 0-0: Foul Ball, location: 2F
0-1: Ball
1-1: Ball
2-1: Fly out, F7 (Flyball, 7LS)
Top of the 4th over - 0 run(s), 0 hit(s), 0 error(s), 0 left on base; Amarillo 6 - Blueville 0
BOTTOM OF THE 4TH
Blueville 83's batting - Pitching for Amarillo Archdukes : RHP Ron Martin
Batting: LHB Javier Espinoza 0-0: Ball
1-0: Called Strike
1-1: Fly out, F4 (Popup, 3D)
Batting: RHB Tae-kwon Kwon 0-0: Ball
1-0: SINGLE (Groundball, 4MD)
Batting: LHB António Glaviz 0-0: Ball
1-0: Called Strike
1-1: Called Strike
1-2: Ball
2-2: 2-RUN HOME RUN (Line Drive, 9D), Distance : 383 ft
Batting: RHB Matt Perkins 0-0: DOUBLE (Flyball, 89D)
Batting: RHB Jimmy Simon 0-0: Called Strike
0-1: Ground out 4-3 (Groundball, 4)
Matt Perkins to third
Batting: LHB Vincente Sáenz 0-0: Ground out 1-3 (Groundball, 13S)
Bottom of the 4th over - 2 run(s), 3 hit(s), 0 error(s), 1 left on base; Amarillo 6 - Blueville 2
TOP OF THE 5TH
Amarillo Archdukes batting - Pitching for Blueville 83's : RHP Santiago González
Batting: LHB Howard Lambert 0-0: Ball
1-0: Called Strike
1-1: Ball
2-1: Ball
3-1: Called Strike
3-2: Fly out, F8 (Flyball, 78XD)
Batting: RHB Esteban Lara 0-0: Called Strike
0-1: Ball
1-1: Ball
2-1: Swinging Strike
2-2: Ball
3-2: Foul Ball, location: 2F
3-2: Base on Balls
Batting: SHB Jeff Chambers 0-0: 2-RUN HOME RUN (Flyball, 9D), Distance : 383 ft
Batting: RHB Tony Quinn 0-0: Called Strike
0-1: Ball
1-1: Ball
2-1: Ball
3-1: SINGLE (Flyball, 8LS)
Batting: LHB José Martínez 0-0: Called Strike
0-1: SINGLE (Groundball, 34S) (infield hit)
Tony Quinn to second
Batting: RHB Herb Bunch 0-0: Called Strike
0-1: Ball
1-1: Foul Ball, location: 2F
1-2: Strikes out swinging
Batting: SHB Álex Hernández 0-0: TRIPLE (Flyball, 89XD)
Tony Quinn scores
José Martínez scores
Pitching: LHP Gian-Andrea Nota
Batting: RHB Michael Thomas 0-0: Called Strike
0-1: Called Strike
Steal of home, Álex Hernández is safe
0-2: DOUBLE (Flyball, 78XD)
Batting: LHB John Frost 0-0: Swinging Strike
0-1: Ball
1-1: Fly out, F7 (Flyball, 7)
Top of the 5th over - 5 run(s), 5 hit(s), 0 error(s), 1 left on base; Amarillo 11 - Blueville 2
BOTTOM OF THE 5TH
Blueville 83's batting - Pitching for Amarillo Archdukes : RHP Ron Martin
Batting: RHB Yoshihide Takahashi 0-0: Called Strike
0-1: Swinging Strike
0-2: Strikes out swinging
Batting: RHB Felipe Rivera 0-0: Ball
1-0: Called Strike
1-1: Called Strike
1-2: Ball
2-2: Foul Ball, location: 2F
2-2: Fly out, F9 (Flyball, 89D)
Batting: SHB Bob Noble 0-0: Called Strike
0-1: Ground out 4-3 (Groundball, 4)
Bottom of the 5th over - 0 run(s), 0 hit(s), 0 error(s), 0 left on base; Amarillo 11 - Blueville 2
TOP OF THE 6TH
Amarillo Archdukes batting - Pitching for Blueville 83's : LHP Gian-Andrea Nota
Batting: LHB Howard Lambert 0-0: Swinging Strike
0-1: Called Strike
0-2: Ball
1-2: Foul Ball, location: 2F
1-2: Ground out 4-3 (Groundball, 4)
Batting: RHB Esteban Lara 0-0: Foul Ball, location: 2F
0-1: Foul Ball, location: 2F
0-2: Fly out, F8 (Flyball, 8LM)
Batting: SHB Jeff Chambers 0-0: Ball
1-0: Called Strike
1-1: Ball
2-1: Swinging Strike
2-2: Ground out 6-3 (Groundball, 6S)
Top of the 6th over - 0 run(s), 0 hit(s), 0 error(s), 0 left on base; Amarillo 11 - Blueville 2
BOTTOM OF THE 6TH
Blueville 83's batting - Pitching for Amarillo Archdukes : RHP Ron Martin
Batting: LHB Javier Espinoza 0-0: Ball
1-0: Ball
2-0: Called Strike
2-1: Ground out 6-3 (Groundball, 6)
Batting: RHB Tae-kwon Kwon 0-0: Swinging Strike
0-1: Called Strike
0-2: Strikes out swinging
Batting: LHB António Glaviz 0-0: Foul Ball, location: 2F
0-1: Ball
1-1: Ground out 4-3 (Groundball, 34)
Bottom of the 6th over - 0 run(s), 0 hit(s), 0 error(s), 0 left on base; Amarillo 11 - Blueville 2
TOP OF THE 7TH
Amarillo Archdukes batting - Pitching for Blueville 83's : LHP Gian-Andrea Nota
Batting: RHB Tony Quinn 0-0: SINGLE (Groundball, 6D)
Batting: LHB José Martínez 0-0: Ball
1-0: Called Strike
1-1: Called Strike
1-2: Fielders Choice at 2nd, 3-6 (Groundball, 3)
Batting: RHB Herb Bunch 0-0: Called Strike
0-1: Called Strike
0-2: Foul Ball, location: 2F
0-2: Strikes out looking
Batting: SHB Álex Hernández 0-0: Ball
1-0: Swinging Strike
1-1: Ball
2-1: Foul Ball, location: 2F
2-2: Foul Ball, location: 2F
2-2: Ball
3-2: Ground out 5-3 (Groundball, 56)
Top of the 7th over - 0 run(s), 1 hit(s), 0 error(s), 1 left on base; Amarillo 11 - Blueville 2
BOTTOM OF THE 7TH
Blueville 83's batting - Pitching for Amarillo Archdukes : RHP Ron Martin
Batting: RHB Matt Perkins 0-0: Fly out, F6 (Flyball, 6MD)
Batting: RHB Jimmy Simon 0-0: Ground out 6-3 (Groundball, 6)
Batting: LHB Vincente Sáenz 0-0: Foul Ball, location: 2F
0-1: Ball
1-1: Ball
2-1: Ball
3-1: SINGLE (Groundball, 4D)
Batting: RHB Yoshihide Takahashi 0-0: Called Strike
0-1: Called Strike
0-2: Foul Ball, location: 2F
0-2: Ball
1-2: Ball
2-2: Ball
3-2: Foul Ball, location: 2F
3-2: Foul Ball, location: 2F
3-2: Foul Ball, location: 2F
3-2: Base on Balls
Vincente Sáenz to second
Batting: RHB Felipe Rivera 0-0: Called Strike
0-1: Ball
1-1: Foul Ball, location: 2F
1-2: Ground out 3-1 (Groundball, 34)
Bottom of the 7th over - 0 run(s), 1 hit(s), 0 error(s), 2 left on base; Amarillo 11 - Blueville 2
TOP OF THE 8TH
Amarillo Archdukes batting - Pitching for Blueville 83's : LHP Gian-Andrea Nota
Batting: RHB Michael Thomas 0-0: Ball
1-0: Ball
2-0: Called Strike
2-1: Ground out U3 (Groundball, 34)
Batting: LHB John Frost 0-0: Ball
1-0: Ground out U3 (Groundball, 34)
Batting: LHB Howard Lambert 0-0: Called Strike
0-1: Ball
1-1: Swinging Strike
1-2: Ground out 4-3 (Groundball, 34)
Top of the 8th over - 0 run(s), 0 hit(s), 0 error(s), 0 left on base; Amarillo 11 - Blueville 2
BOTTOM OF THE 8TH
Blueville 83's batting - Pitching for Amarillo Archdukes : RHP Ron Martin
Batting: SHB Bob Noble 0-0: Swinging Strike
0-1: Ground out 1-3 (Groundball, 13)
Batting: LHB Javier Espinoza 0-0: Ball
1-0: Called Strike
1-1: Ball
2-1: Reached on error, E6 (Groundball, 6)
Batting: RHB Tae-kwon Kwon 0-0: Ball
1-0: Grounds into double play, 3-6-3 (Groundball, 34)
Bottom of the 8th over - 0 run(s), 0 hit(s), 1 error(s), 0 left on base; Amarillo 11 - Blueville 2
TOP OF THE 9TH
Amarillo Archdukes batting - Pitching for Blueville 83's : LHP Gian-Andrea Nota
Batting: RHB Esteban Lara 0-0: Foul Ball, location: 2F
0-1: Ground out 4-3 (Groundball, 4M)
Batting: SHB Jeff Chambers 0-0: Swinging Strike
0-1: Swinging Strike
0-2: Ball
1-2: DOUBLE (Line Drive, 78XD)
Batting: RHB Tony Quinn 0-0: Called Strike
0-1: Ball
1-1: Ball
2-1: Swinging Strike
2-2: Ground out 5-3 (Groundball, 5)
Batting: LHB José Martínez 0-0: Ball
1-0: Ball
2-0: Ball
3-0: Base on Balls
Batting: RHB Herb Bunch 0-0: Ball
1-0: Foul Ball, location: 2F
1-1: Ball
2-1: Foul Ball, location: 2F
2-2: Fly out, F9 (Flyball, 9S)
Top of the 9th over - 0 run(s), 1 hit(s), 0 error(s), 2 left on base; Amarillo 11 - Blueville 2
BOTTOM OF THE 9TH
Blueville 83's batting - Pitching for Amarillo Archdukes : RHP Ron Martin
Batting: LHB António Glaviz 0-0: Ball
1-0: SOLO HOME RUN (Flyball, 9D), Distance : 378 ft
Batting: RHB Matt Perkins 0-0: Fly out, F6 (Line Drive, 6D)
Batting: RHB Jimmy Simon 0-0: Ball
1-0: Called Strike
1-1: Foul Ball, location: 2F
1-2: Ball
2-2: SINGLE (Groundball, 6MD)
Batting: LHB Vincente Sáenz 0-0: Foul Ball, location: 2F
0-1: Ball
1-1: Ball
2-1: Foul Ball, location: 2F
2-2: Ball
3-2: Base on Balls
Jimmy Simon to second
Pitching: RHP Frederick Kern
Batting: RHB Yoshihide Takahashi 0-0: Ball
1-0: Fly out, F7 (Line Drive, 7)
Batting: RHB Felipe Rivera 0-0: Ball
1-0: Ball
2-0: Swinging Strike
2-1: Foul Ball, location: 2F
2-2: SINGLE (Groundball, 56D)
Jimmy Simon to third
Vincente Sáenz to second
Runner from 3rd tries for Home, SAFE, no throw
Batting: SHB Bob Noble 0-0: Ball
1-0: Foul Ball, location: 2F
1-1: Fielders Choice at 2nd, 6-4 (Groundball, 6)
Bottom of the 9th over - 2 run(s), 3 hit(s), 0 error(s), 1 left on base; Amarillo 11 - Blueville 4
Tuesday, August 8th, 2017 - OOTP Baseball 17.12 Build 75